 Dungeon Sprint DCSS version 0.19-a0-939-g86877d0 (webtiles) character file.

1372 Groucho the Grappler (level 8, -14/47 HPs)
             Began as a Vine Stalker Fighter on July 8, 2016.
             Was the Champion of Makhleb.
             Demolished by an orc knight
             ... wielding a +0 bardiche
              (19 damage)
             ... in the Dungeon (Sprint VII: "The Pits").
             The game lasted 00:05:48 (1329 turns).

Groucho the Grappler (Vine Stalker Fighter)         Turns: 1329, Time: 00:05:50

Health: -14/47     AC: 16    Str: 20    XL:     8   Next: 65%
Magic:  0/19       EV: 11    Int: 11    God:    Makhleb [******]
Gold:   0          SH: 11    Dex: 15    Spells: 0 memorised, 20 levels left

rFire  + . .     SeeInvis .       - Unarmed
rCold  . . .     Gourm    .     g - +3 scale mail {rF+}
rNeg   . . .     Faith    .     b - +0 shield
rPois  .         Spirit   +     y - +0 helmet
rElec  .         Dismiss  .     x - +0 cloak
rCorr  .         Reflect  .     (no gloves)
SustAt .         Harm     .     (no boots)
MR     +....     NoTele   +     (no amulet)
Stlth  ..........               r - +3 ring of intelligence
                                s - +3 ring of protection

@: very slightly contaminated, hasted, very quick, somewhat resistant to hostile
enchantments, extremely unstealthy
A: fangs 3, regeneration 2, magic shield, antimagic bite, no device heal 3, rot
immunity
a: Minor Destruction, Lesser Servant of Makhleb, Major Destruction, Greater
Servant of Makhleb, Renounce Religion


You were in the Dungeon.
You worshipped Makhleb.
Makhleb was exalted by your worship.
You were not hungry.

You visited 1 branch

Inventory:

Hand Weapons
 a - a +0 shortbow
Missiles
 j - 12 arrows
 q - 13 stones (quivered)
Armour
 b - a +0 shield (worn)
 g - a +3 scale mail of fire resistance (worn)
 x - a +0 cloak (worn)
 y - a +0 helmet (worn)
Jewellery
 r - a +3 ring of intelligence (right hand)
 s - a +3 ring of protection (left hand)
Scrolls
 n - 3 scrolls of remove curse
 o - 5 scrolls of amnesia
 p - a scroll of summoning
Potions
 c - 3 potions of might
 e - 5 potions of curing
 f - 8 potions of heal wounds
 h - 4 potions of magic
 i - 4 potions of berserk rage
 m - 2 potions of invisibility
 t - a potion of agility
 u - a potion of cure mutation
 v - a potion of brilliance
 w - 2 potions of haste
Comestibles
 d - 8 bread rations
 k - 40 fruits
 l - 6 meat rations


   Skills:
 * Level 8.2 Fighting
 * Level 7.5 Armour
 + Level 4.2 Dodging
 + Level 7.0 Shields
 * Level 9.5 Unarmed Combat
 * Level 6.9 Spellcasting


You had 20 spell levels left.
You didn't know any spells.

Dungeon Overview and Level Annotations

Branches:
Dungeon (1/1)

Altars:
Ashenzari
Cheibriados
Dithmenos
Elyvilon
Fedhas
Gozag
Kikubaaqudgha
Makhleb
Nemelex Xobeh
Okawaru
Pakellas
Qazlal
Ru
Sif Muna
Trog
Vehumet
Xom
Yredelemnul
Zin
The Shining One
Beogh
Jiyva
Lugonu


Innate Abilities, Weirdness & Mutations

You have razor-sharp teeth.
You heal very quickly.
When hurt, damage is shared between your health and your magic reserves.
Your bite disrupts and absorbs the magic of your enemies.
Potions and wands cannot restore your health.
You are immune to rotting.


Message History

You block the orc warrior's attack.
Unknown command.
Unknown command.
You closely miss the orc knight. You bite the orc knight. You drain its power.
You feel invigorated.
The orc knight is heavily wounded.
The orc knight hits you with a bardiche!
Unknown command.
You hit the orc knight.
The orc knight is severely wounded.
The orc wizard casts a cantrip, but nothing happens.
Unknown command.
You punch the orc knight!
The orc knight is severely wounded.
The orc warrior hits you from afar with a glaive of distortion!
* * * LOW HITPOINT WARNING * * *
Space bends around you.
* * * LOW HITPOINT WARNING * * *
The orc knight hits you with a bardiche!!
You die...

############ #__________#
#__________#
#_#####'##############++####
#_#)))'.'..##...............
#_#)))#.#?|##......#..#.....
#######'#####D..............
#.........†@ooo.............
#'#####'#####o.....#..#.....
#.#..#...'.##...............
#.#..#...#.#####'#####''####
#.#..#####.##.......# o'#
#.#..'...#†##.......#


ooo. #.#..'...'.##.......# o..## #.#..########...<...# o.##
#.#.†'[))).##.......# oD# You could see an orc knight, a steam dragon, an orc
warrior and 2 orc wizards.

Vanquished Creatures
  A fire bat (D)
  A redback (D)
  A hungry ghost (D)
  Menkaure (D)
  A warg (D)
  3 giant eyeballs (D)
  An orc warrior (D)
  A centaur (D)
  A gnoll sergeant (D)
  An orc priest (D)
  A quasit (D)
  An iguana (D)
  2 worker ants (D)
  2 gnolls (D)
  An adder (D)
  A white imp (D)
  An ufetubus (D)
  An ooze (D)
  A worm (D)
  An orc (D)
  A giant cockroach (D)
  A giant newt (D)
  A kobold (D)
  A rat (D)
28 creatures vanquished.

Notes
Turn   | Place    | Note
-------+----------+-------------------------------------------
     0 | D        | Groucho the Vine Stalker Fighter began the quest for the Orb.
     0 | D        | Reached XP level 1. HP: 11/11 MP: 2/2
    11 | D        | Noticed a giant eyeball
    15 | D        | Killed a giant eyeball
    15 | D        | Reached skill level 5 in Unarmed Combat
    15 | D        | Reached XP level 2. HP: 18/18 MP: 3/3
    15 | D        | Reached XP level 3. HP: 21/21 MP: 4/4
    15 | D        | Reached XP level 4. HP: 26/26 MP: 5/5
    41 | D        | Found a sacrificial altar of Ru.
    41 | D        | Found a basalt altar of Yredelemnul.
    41 | D        | Found a shadowy altar of Dithmenos.
    41 | D        | Found a deep blue altar of Sif Muna.
    41 | D        | Found a burning altar of Makhleb.
    41 | D        | Found a shimmering altar of Xom.
    41 | D        | Found an ancient bone altar of Kikubaaqudgha.
    41 | D        | Found a sparkling altar of Nemelex Xobeh.
    42 | D        | Found a glowing golden altar of the Shining One.
    42 | D        | Found a bloodstained altar of Trog.
    42 | D        | Found a shattered altar of Ashenzari.
    42 | D        | Found a white marble altar of Elyvilon.
    42 | D        | Found a snail-covered altar of Cheibriados.
    42 | D        | Found a blossoming altar of Fedhas.
    42 | D        | Found a radiant altar of Vehumet.
    42 | D        | Found a glowing silver altar of Zin.
    42 | D        | Found a corrupted altar of Lugonu.
    42 | D        | Found a viscous altar of Jiyva.
    42 | D        | Found a roughly hewn altar of Beogh.
    42 | D        | Found an iron altar of Okawaru.
    43 | D        | Found an oddly glowing altar of Pakellas.
    48 | D        | Became a worshipper of Makhleb the Destroyer
    56 | D        | Noticed a giant eyeball
    60 | D        | Paralysed by a giant eyeball for 3 turns
    66 | D        | Killed a giant eyeball
    66 | D        | Reached * piety under Makhleb
    66 | D        | Reached skill level 5 in Fighting
    66 | D        | Reached skill level 1 in Dodging
    66 | D        | Reached skill level 5 in Shields
    66 | D        | Reached skill level 6 in Unarmed Combat
    66 | D        | Reached XP level 5. HP: 30/30 MP: 5/9
   319 | D        | Reached skill level 5 in Armour
   640 | D        | Reached ** piety under Makhleb
   640 | D        | Gained mutation: You heal very quickly. [Vine Stalker growth]
   640 | D        | Reached XP level 6. HP: 35/35 MP: 10/10
   656 | D        | Reached skill level 7 in Unarmed Combat
   677 | D        | Reached *** piety under Makhleb
   747 | D        | Noticed a hungry ghost
   784 | D        | Killed a hungry ghost
   802 | D        | Reached **** piety under Makhleb
   966 | D        | Noticed Menkaure
   968 | D        | Killed Menkaure
   968 | D        | Reached ***** piety under Makhleb
   968 | D        | Reached skill level 8 in Unarmed Combat
   968 | D        | Reached XP level 7. HP: 41/41 MP: 14/14
   973 | D        | Reached skill level 5 in Spellcasting
   980 | D        | Noticed a fire bat
  1008 | D        | Killed a fire bat
  1008 | D        | Gained mutation: You have razor-sharp teeth. [Vine Stalker growth]
  1008 | D        | Reached XP level 8. HP: 45/46 MP: 14/17
  1127 | D        | Noticed a redback
  1130 | D        | Killed a redback
  1130 | D        | Reached skill level 9 in Unarmed Combat
  1135 | D        | Reached ****** piety under Makhleb
  1254 | D        | Found a stormy altar of Qazlal.
  1254 | D        | Found an opulent altar of Gozag.
  1281 | D        | Noticed an orc knight
  1329 | D        | Demolished by an orc knight

Vault maps used:
D:        pitsprint

Skill      XL: |  1  2  3  4  5  6  7  8 |
---------------+-------------------------+-----
Fighting       | 4 5 6 7 8 |  8.2
Armour         | 4 5 6 7 |  7.5
Shields        | 4 5 6 7 |  7.0
Unarmed Combat | 5 6 8 9 |  9.5
Dodging        | 1 2 3 4 |  4.2
Spellcasting   | 2 4 5 6 |  6.9

Action                   |  1- 3 |  4- 6 |  7- 9 || total
-------------------------+-------+-------+-------++-------
Melee: Unarmed           |     3 |    61 |    64 ||   128
       Bite              |     2 |    19 |    27 ||    48
Throw: Stone             |       |    14 |       ||    14
  Use: Potion            |       |     2 |     1 ||     3
       Scroll            |       |     1 |       ||     1
  Eat: Meat ration       |       |     1 |       ||     1
Armor: Scale mail        |       |    12 |    12 ||    24
Dodge: Dodged            |       |    12 |    21 ||    33
Block: Shield            |       |    23 |    31 ||    54
